 Dungeon Crawl Stone Soup version 0.16-a0-2296-gdce89d5 (webtiles) character file.

266 PolkaDot the Insei (level 6, -2/49 HPs)
             Began as a Demonspawn Monk on Nov 17, 2014.
             Slain by an orc priest
             ... wielding a +0 dagger
              (5 damage)
             ... on level 3 of the Dungeon.
             The game lasted 00:06:10 (4177 turns).

PolkaDot the Insei (Demonspawn Monk)                Turns: 4177, Time: 00:06:10

Health: -2/49      AC:  3    Str: 11    XL:     6   Next: 0%
Magic:  6/6        EV: 14    Int: 11    God:
Gold:   170        SH:  0    Dex: 22    Spells: 0 memorised, 5 levels left

rFire  . . .     SeeInvis .       - Unarmed
rCold  . . .     Clarity  .     a - +0 robe
rNeg   . . .     SustAb   .     (no shield)
rPois  .         Gourm    .     (no helmet)
rElec  .         Spirit   .     (no cloak)
rCorr  .         Warding  .     (no gloves)
rMut   +         Stasis   .     i - +0 pair of boots
MR     .....                    j - amulet of resist mutation
Stlth  ++++......               (no ring)
                                (no ring)

@: not resistant to hostile enchantments, stealthy
A: thin skeletal structure 2, nightstalker 1
a: no special abilities


You were on level 3 of the Dungeon.
You were not hungry.

You visited 1 branch of the dungeon, and saw 3 of its levels.
You also visited: Sewer.

You collected 170 gold pieces.

Inventory:

Armour
 a - a +0 robe (worn)
 i - a +0 pair of boots (worn)
Jewellery
 j - an amulet of resist mutation (around neck)
Scrolls
 c - a scroll of fear {unknown}
 e - 4 scrolls of identify {unknown}
 g - a scroll of magic mapping {unknown}
 k - a scroll of blinking {unknown}
 l - a scroll of enchant armour {unknown}
 n - a scroll of enchant weapon {unknown}
 o - 4 scrolls of teleportation
Potions
 d - 3 potions of flight
Books
 p - a book of Air

   Spells                             Type                      Level
   Shock                              Conjuration/Air              1
   Swiftness                          Charms/Air                   2
   Repel Missiles                     Charms/Air                   2
   Flight                             Charms/Air                   3
   Static Discharge                   Conjuration/Air              3
   Lightning Bolt                     Conjuration/Air              5
Comestibles
 b - a bread ration
 f - a meat ration
 m - a slice of pizza


   Skills:
 + Level 4.4 Fighting
 - Level 2.6 Dodging
 - Level 1.7 Stealth
 * Level 5.8 Unarmed Combat


You had 5 spell levels left.
You didn't know any spells.

Dungeon Overview and Level Annotations

Branches:
Dungeon (3/15)

Altars:
The Shining One


Innate Abilities, Weirdness & Mutations

You have a moderately thin skeletal structure (Dex +4, Stealth+).
You are slightly more attuned to the shadows.


Message History

* * * LOW HITPOINT WARNING * * *
You hit the orc priest but do no damage.
The orc priest mumbles some strange prayers to Beogh against you.
Something smites you!
* * * LOW HITPOINT WARNING * * *
You hit the orc priest but do no damage.
The orc priest barely misses you.
You hit the orc priest.
The orc priest is moderately wounded.
The orc priest hits you with a dagger.
* * * LOW HITPOINT WARNING * * *
You hit the orc priest. You punch the orc priest.
The orc priest is almost dead.
The orc priest hits you with a dagger.
* * * LOW HITPOINT WARNING * * *
You barely miss the orc priest.
The orc priest is almost dead.
The orc priest becomes somewhat translucent.
The orc priest hits you with a dagger.
You die...

##############
..............#
######.#####.#
##...## #.##########
#.....###.##........
##...###.#.#...####.
##.###.###......##.
#.# ##.#.#...#.##.
#@# ##.##...#..#.
#o# ####........
#)o.# ##.......
#.....# ##.##.#.
#.......# #.......
#.........# ..>##.##
+.........+ ...
....... .... ... . #


You could see 2 orc priests.

Vanquished Creatures
  A merfolk avatar (Sewer)
  A siren (Sewer)
  5 adders
  5 green rats
  5 giant mites
  A worm (D:2)
  An ooze (D:2)
  2 orcs (D:3)
  2 goblins (D:1)
  11 hobgoblins
  5 kobolds
  2 quokkas
  7 ball pythons
  5 bats
  6 giant cockroaches
  2 giant geckos
  11 giant newts
  28 rats
100 creatures vanquished.

Vanquished Creatures (others)
  9 drowned souls (Sewer)
9 creatures vanquished.

Grand Total: 109 creatures vanquished

Notes
Turn   | Place    | Note
--------------------------------------------------------------
     0 | D:1      | PolkaDot, the Demonspawn Monk, began the quest for the Orb.
     0 | D:1      | Reached XP level 1. HP: 18/18 MP: 1/1
   207 | D:1      | Gained mutation: You are slightly more attuned to the shadows. [demonic ancestry]
   207 | D:1      | Reached XP level 2. HP: 24/24 MP: 2/2
   534 | D:1      | Reached skill level 4 in Unarmed Combat
  1036 | D:2      | Gained mutation: You have a somewhat thin skeletal structure (Dex +2, Stealth). [demonic ancestry]
  1036 | D:2      | Reached XP level 3. HP: 16/29 MP: 3/3
  1225 | D:2      | Found a glowing golden altar of the Shining One.
  1864 | D:2      | Gained mutation: You have a moderately thin skeletal structure (Dex +4, Stealth+). [demonic ancestry]
  1864 | D:2      | Reached XP level 4. HP: 33/37 MP: 4/4
  2417 | D:3      | Found a glowing drain.
  2622 | Sewer    | Entered a sewer
  2638 | Sewer    | Reached skill level 5 in Unarmed Combat
  2955 | Sewer    | Reached XP level 5. HP: 37/42 MP: 5/5
  3478 | Sewer    | Noticed a drowned soul
  3479 | Sewer    | Noticed a drowned soul
  3481 | Sewer    | Noticed a drowned soul
  3482 | Sewer    | Noticed a drowned soul
  3482 | Sewer    | Noticed a drowned soul
  3482 | Sewer    | Killed a drowned soul
  3482 | Sewer    | Killed a drowned soul
  3483 | Sewer    | Killed a drowned soul
  3484 | Sewer    | Killed a drowned soul
  3486 | Sewer    | Noticed a drowned soul
  3486 | Sewer    | Noticed a drowned soul
  3486 | Sewer    | Killed a drowned soul
  3489 | Sewer    | Noticed a drowned soul
  3490 | Sewer    | Killed a drowned soul
  3491 | Sewer    | Killed a drowned soul
  3492 | Sewer    | Noticed a drowned soul
  3492 | Sewer    | Noticed a drowned soul
  3492 | Sewer    | Killed a drowned soul
  3494 | Sewer    | Killed a drowned soul
  3496 | Sewer    | Noticed a drowned soul
  4171 | D:3      | Reached XP level 6. HP: 22/49 MP: 6/6
  4177 | D:3      | Slain by an orc priest

Action                   |  1- 3 |  4- 6 || total
-------------------------+-------+-------++-------
Melee: Unarmed           |   151 |   263 ||   414
  Use: Potion            |       |     9 ||     9
 Stab: Sleeping          |     4 |    12 ||    16
       Distracted        |       |     2 ||     2
  Eat: Bread ration      |     1 |     1 ||     2
       Chunk             |     1 |     1 ||     2
